[Event "GER-chT States Women 2022"]
[Site "Braunfels"]
[Date "2022.06.18"]
[Round "4.34"]
[White "Frey, Alisa"]
[Black "Mader, Lena"]
[Result "1-0"]
[ECO "B07"]
[WhiteElo "1998"]
[BlackElo "1789"]
[Annotator "NA RC"]
[PlyCount "203"]
[EventDate "2022.06.15"]
[EventType "swiss"]
[EventCountry "GER"]
[SourceTitle "playchess.com"]
[Source "ChessBase"]
[SourceQuality "1"]
[TimeControl "40/5400+30:1800+30"]

1. d4 Nf6 2. Nc3 g6 3. e4 d6 4. Be3 Bg7 5. f3 O-O 6. Qd2 e5 {[%emt 0:03:52] The main line 6...e5 scores better than 6...c6.} 7. d5 a5 {[%emt 0:02:45] [#]} 8. h4 $146 ({Predecessor:} 8. O-O-O Na6 9. Bh6 Nc5 10. g4 Nfd7 11. h4 Bxh6 12. Qxh6 Qf6 13. Nb5 Na6 14. Kb1 {1-0 (43) Deus Filho,J (1974)-Jenidarchiche,D (1845) Hebraica 2018}) 8... h5 9. Be2 Na6 10. O-O-O Nc5 11. Nh3 Bd7 12. Nf2 Rb8 13. g4 b5 14. Bg5 b4 15. Nb1 hxg4 16. h5 Qc8 17. h6 Bh8 18. h7+ Nxh7 19. Rxh7 Kxh7 20. Rh1+ Kg7 21. fxg4 {[%emt 0:12:21] [#]} b3 (21... f6 $1 $17 22. Bh6+ Kf7 23. Bxf8 Qxf8) 22. axb3 Rxb3 23. Be7 ({Not} 23. Be3 {[#]} Rxe3 $1 24. Qxe3 Rg8 $11) 23... f6 24. Qh6+ Kf7 25. Bxf8 Qxf8 26. Qxf8+ ({Not} 26. Qxh8 Qxh8 27. Rxh8 Rg3 $18) ({Don't take} 26. cxb3 Qxh6+ 27. Rxh6 Nxb3+ 28. Kd1 Bg7 $18) 26... Kxf8 27. cxb3 ({Don't do} 27. Rxh8+ Kg7 $18) 27... Nxb3+ 28. Kd1 Bg7 29. Nd2 Nd4 30. Nf3 Ba4+ 31. Kd2 Nb3+ 32. Kc3 Nc5 33. Ra1 f5 34. Ng5 Bd7 35. Rxa5 Bh6 36. Ne6+ Bxe6 37. dxe6 Nxe6 38. Bc4 Nd4 39. Ra7 Be3 40. Nd1 Ne2+ 41. Bxe2 Bxa7 42. exf5 gxf5 43. gxf5 Kg7 44. Bf3 Kf6 45. Be4 d5 46. Bxd5 Kxf5 47. Kd3 Kf4 (47... Bd4 $142 48. Nc3 Kf6) 48. b3 Kf5 49. Nc3 Kf4 50. Bc6 Bc5 51. Nd5+ Kf5 52. Bd7+ Kg6 53. Nxc7 Kf7 54. Nd5 Kg6 55. Ke4 Bd4 56. Be8+ Kg5 57. b4 Kh4 58. b5 Kg3 59. Ne7 Kg2 60. Nc6 Bg1 61. Kxe5 Bb6 62. Kd6 Kg3 63. Nb4 Bg1 64. Nd3 Bb6 65. Bh5 Kh4 66. Bf3 Kg5 67. Be4 Kg4 68. Nb4 Bg1 69. Nd5 Kg5 70. Ke5 Bh2+ 71. Ke6 Bg1 72. Bh7 Ba7 73. b6 Bxb6 74. Nxb6 Kf4 75. Nd5+ Kf3 76. Ke5 Ke2 77. Ke4 Kd2 78. Kd4 Ke2 79. Be4 Kd2 80. Bd3 Kc1 81. Ne3 Kb2 82. Bc4 Ka3 83. Nc2+ Kb2 84. Kd3 Kc1 85. Kc3 Kb1 86. Bb3 Kc1 87. Ba2 Kd1 88. Nd4 Kc1 89. Ne2+ Kd1 90. Kd3 Ke1 91. Ke3 Kd1 92. Bb3+ Ke1 93. Bc2 Kf1 94. Nf4 Ke1 95. Ng2+ Kf1 96. Kf3 Kg1 97. Kg3 Kf1 98. Bd3+ Kg1 99. Nf4 Kh1 100. Be2 Kg1 101. Nh3+ Kh1 102. Bf3# 1-0

[Event "GER-chT States Women 2022"]
[Site "Braunfels"]
[Date "2022.06.18"]
[Round "4.35"]
[White "Bazzazi, Elnaz"]
[Black "Kohm, Vanessa"]
[Result "1-0"]
[ECO "B35"]
[WhiteElo "1749"]
[BlackElo "1772"]
[Annotator "NA RC"]
[PlyCount "81"]
[EventDate "2022.06.15"]
[EventType "swiss"]
[EventCountry "GER"]
[SourceTitle "playchess.com"]
[Source "ChessBase"]
[SourceQuality "1"]
[TimeControl "40/5400+30:1800+30"]

1. e4 c5 2. Nf3 Nc6 3. d4 cxd4 4. Nxd4 g6 5. Nc3 Bg7 6. Be3 Nf6 7. Bc4 O-O 8. Qd2 Ng4 9. Nxc6 bxc6 10. Bd4 Nf6 11. O-O d6 12. h3 Bb7 13. Be3 d5 14. exd5 cxd5 15. Bb3 e6 16. Bc5 Re8 17. Ba4 Nd7 18. Ba3 a6 19. Ne2 Qc7 20. c4 Rec8 21. Rac1 Nb6 22. cxd5 Qd8 23. Bb3 Nxd5 24. Rfd1 Qh4 25. Rxc8+ Rxc8 26. Rc1 Rd8 27. Qa5 Bf6 28. Rc4 Qh5 29. Ng3 Qe5 30. Ne4 Bh4 31. Nd6 Qf6 32. Rxh4 Qxh4 33. Nxb7 Rc8 34. Qd2 Qe4 35. Bxd5 exd5 36. Nd6 Qb1+ 37. Kh2 Rc7 38. Qxd5 Qc1 39. Qa8+ Kg7 40. Ne8+ Kh6 41. Bf8+ 1-0

[Event "GER-chT States Women 2022"]
[Site "Braunfels"]
[Date "2022.06.18"]
[Round "4.36"]
[White "Grining, Maria"]
[Black "Marx, Christina"]
[Result "1-0"]
[ECO "A46"]
[WhiteElo "1759"]
[BlackElo "1587"]
[Annotator "NA RC"]
[PlyCount "105"]
[EventDate "2022.06.15"]
[EventType "swiss"]
[EventCountry "GER"]
[SourceTitle "playchess.com"]
[Source "ChessBase"]
[SourceQuality "1"]
[TimeControl "40/5400+30:1800+30"]

1. d4 Nf6 2. Nf3 e6 3. e3 b6 4. Bd3 Bb7 5. Nbd2 c5 6. b3 cxd4 7. exd4 Nc6 8. Bb2 Be7 9. O-O O-O 10. c4 d5 11. Ne5 Rc8 12. Nxc6 Bxc6 13. Qe2 Kh8 14. f4 g6 15. Rae1 Bd6 16. Kh1 Nh5 17. c5 Qh4 18. Qf2 Qxf4 19. cxd6 Qxd6 20. Qe3 Qe7 21. Nf3 Bd7 22. Ne5 Be8 23. Rc1 Rxc1 24. Bxc1 f6 25. Qh6 Kg8 26. Ng4 a5 27. Qe3 Bd7 28. Qe2 Kh8 29. Bh6 Rf7 30. Bd2 Rf8 31. Qf3 f5 32. Ne5 Be8 33. Bh6 Rg8 34. Bc1 Rf8 35. g4 Ng7 36. Bh6 Kg8 37. gxf5 exf5 38. Qxd5+ Kh8 39. Bc4 Qh4 40. Bxg7+ Kxg7 41. Nf3 Qe4 42. Qxe4 fxe4 43. Ng5 Rxf1+ 44. Bxf1 Bc6 45. Bg2 h6 46. Nxe4 g5 47. Kg1 b5 48. Kf2 b4 49. Nc5 Bb5 50. Ke3 Kf6 51. Bh3 h5 52. Bd7 Bf1 53. Nb7 1-0

[Event "GER-chT States Women 2022"]
[Site "Braunfels"]
[Date "2022.06.18"]
[Round "4.37"]
[White "Mueller, Riyanna"]
[Black "Malachowski, Margrit"]
[Result "1/2-1/2"]
[ECO "B10"]
[WhiteElo "1521"]
[BlackElo "2061"]
[Annotator "NA RC"]
[PlyCount "83"]
[EventDate "2022.06.15"]
[EventType "swiss"]
[EventCountry "GER"]
[SourceTitle "playchess.com"]
[Source "ChessBase"]
[SourceQuality "1"]
[TimeControl "40/5400+30:1800+30"]

1. e4 c6 2. c4 d6 3. d4 Nd7 4. Nf3 Qc7 5. Nc3 e5 6. d5 Ngf6 7. Be2 Nc5 8. Qc2 a5 9. O-O Bg4 10. Be3 Ncd7 11. a3 Be7 12. b4 axb4 13. axb4 O-O 14. Rfc1 h6 15. Nh4 Rxa1 16. Rxa1 Bxe2 17. Nxe2 cxd5 18. Nf5 Re8 19. Nxe7+ Rxe7 20. Ra8+ Nf8 21. exd5 Nxd5 22. Qe4 Nxe3 23. fxe3 Qb6 24. b5 f5 25. Qxf5 Qxe3+ 26. Qf2 Qxf2+ 27. Kxf2 Kf7 28. Nc3 Ne6 (28... Nd7 $17 29. Nd5 Re8) 29. Nd5 ({White should play} 29. Rb8 $11) 29... Rd7 30. Ke3 Kg6 31. Nb6 Rd8 32. Rxd8 Nxd8 33. Nc8 Nf7 $11 34. Ke4 Kf6 35. Kd5 Kf5 36. Nxd6+ Nxd6 37. Kxd6 e4 38. c5 e3 39. c6 bxc6 40. bxc6 e2 41. c7 e1=Q 42. c8=Q+ 1/2-1/2

[Event "GER-chT States Women 2022"]
[Site "Braunfels"]
[Date "2022.06.18"]
[Round "4.38"]
[White "Landenberger, Anja Kathrin"]
[Black "Anisimova, Mariya"]
[Result "0-1"]
[ECO "D02"]
[WhiteElo "1767"]
[BlackElo "1386"]
[Annotator "NA RC"]
[PlyCount "96"]
[EventDate "2022.06.15"]
[EventType "swiss"]
[EventCountry "GER"]
[SourceTitle "playchess.com"]
[Source "ChessBase"]
[SourceQuality "1"]
[TimeControl "40/5400+30:1800+30"]

1. d4 Nf6 2. Nf3 d5 3. Bf4 e6 4. e3 a6 5. Nbd2 c5 6. c3 Nc6 7. Bd3 cxd4 8. cxd4 Bd6 9. Bg3 Bxg3 10. hxg3 Qd6 11. Rc1 e5 12. dxe5 Nxe5 13. Bb1 Bd7 14. Nd4 g6 15. N2f3 Neg4 16. O-O Ne4 17. Bxe4 dxe4 18. Nh4 O-O 19. Qc2 f5 20. Rfd1 Qe7 21. Qb3+ Qf7 22. Rc7 Qxb3 23. axb3 Bc8 24. Rdc1 g5 25. Nhxf5 Bxf5 26. Rxb7 Rac8 27. Rbc7 Rxc7 28. Rxc7 Bg6 29. Ne6 Rxf2 30. Rc8+ Kf7 31. Nxg5+ Kf6 32. Nxe4+ Bxe4 33. Rf8+ Kg5 34. Rxf2 Nxf2 35. Kxf2 a5 36. Ke2 Bc2 37. Kf3 Bxb3 38. e4 Bd1+ 39. Ke3 Kg4 40. Kf2 Bb3 41. e5 a4 42. Kf1 Kxg3 43. Kg1 h5 44. Kf1 h4 45. Kg1 Bd5 46. Kh1 Bxg2+ 47. Kg1 h3 48. e6 h2# 0-1

[Event "GER-chT States Women 2022"]
[Site "Braunfels"]
[Date "2022.06.18"]
[Round "4.39"]
[White "Perovic-Ottstadt, Sanja"]
[Black "Kuehnel, Jutta"]
[Result "1-0"]
[ECO "D05"]
[WhiteElo "1507"]
[BlackElo "1547"]
[Annotator "NA RC"]
[PlyCount "29"]
[EventDate "2022.06.15"]
[EventType "swiss"]
[EventCountry "GER"]
[SourceTitle "playchess.com"]
[Source "ChessBase"]
[SourceQuality "1"]
[TimeControl "40/5400+30:1800+30"]

1. d4 d5 2. Nf3 Nf6 3. e3 e6 4. Bd3 c5 5. c3 Bd7 6. Nbd2 c4 7. Bc2 b5 8. O-O Be7 9. Re1 O-O 10. e4 dxe4 11. Nxe4 Nxe4 12. Bxe4 Bc6 13. Qc2 Bxe4 14. Qxe4 Qd5 15. Qxd5 1-0

[Event "GER-chT States Women 2022"]
[Site "Braunfels"]
[Date "2022.06.18"]
[Round "4.40"]
[White "Johe, Hildegard"]
[Black "Weinmann, Helene"]
[Result "1/2-1/2"]
[ECO "A04"]
[WhiteElo "1353"]
[BlackElo "1468"]
[Annotator "NA RC"]
[PlyCount "245"]
[EventDate "2022.06.15"]
[EventType "swiss"]
[EventCountry "GER"]
[SourceTitle "playchess.com"]
[Source "ChessBase"]
[SourceQuality "1"]
[TimeControl "40/5400+30:1800+30"]

1. Nf3 Nc6 2. d3 d5 3. g3 e5 4. Nbd2 Nf6 5. e4 dxe4 6. dxe4 Bd6 7. Bg2 O-O 8. O-O Bd7 9. a3 Qc8 10. c3 Bh3 11. Qc2 Bxg2 12. Kxg2 Qe6 13. b4 Rfe8 14. h3 Rad8 15. Bb2 Nd7 16. Rad1 Qg6 17. Kh2 Be7 18. Nc4 Qe6 19. Qe2 Bf6 20. Ne3 Nb6 21. c4 Nd4 22. Nxd4 exd4 23. Nd5 Nxd5 24. cxd5 Qxd5 25. exd5 Rxe2 26. Bxd4 Bxd4 27. Rxd4 Ra2 28. Rd3 Kf8 29. Kg1 Re8 30. Rc3 Re7 31. Rfc1 Ree2 32. Rf3 Re7 33. Rfc3 Rd7 34. Rd1 Ke7 35. Rcd3 Kd6 36. f4 Re7 37. R1d2 Ra1+ 38. Kf2 Ree1 39. Re2 Rxe2+ 40. Kxe2 Ra2+ 41. Ke3 b5 42. Kd4 Rc2 43. g4 Rc4+ 44. Ke3 a6 45. h4 g6 46. Kf3 h6 47. g5 h5 48. Ke3 Rc1 49. Kf3 Re1 50. Rd4 Rh1 51. Kg3 Rc1 52. Rd3 Rg1+ 53. Kf3 Rg4 54. Rd4 Rxh4 55. Kg2 Rg4+ 56. Kh3 Rg1 57. Kh2 Re1 58. Rd3 Re4 59. Kg3 Rc4 60. Kf3 c6 61. dxc6+ Kxc6 62. Kg3 Re4 63. Kf3 Re6 64. Kg3 Rd6 65. Re3 Rd7 66. Kf3 Kd6 67. Rd3+ Ke7 68. Re3+ Kf8 69. Kg3 Kg7 70. Kf3 Rd6 71. Kg3 f6 72. gxf6+ Kxf6 73. Rf3 Kf5 74. Re3 Re6 75. Rf3 Re4 76. Rd3 Rc4 77. Rd5+ Ke6 78. Re5+ Kf6 79. Re3 Rd4 80. Kf3 Rd6 81. Kg3 Rd4 82. Kf3 Rd1 83. Kg2 Kf5 84. Kg3 Rg1+ 85. Kf2 Rg4 86. Kf3 Rh4 87. Re5+ Kf6 88. Kg3 Rg4+ 89. Kf3 Rg1 90. Kf2 Ra1 91. Re3 Kf5 92. Kf3 Rf1+ 93. Kg3 Rxf4 94. Rc3 Re4 95. Rc5+ Kf6 96. Rc6+ Re6 97. Rc3 g5 98. Rf3+ Kg6 99. Rc3 h4+ 100. Kh3 Kf5 101. Rf3+ Ke4 102. Kg4 Re5 103. Rc3 Kd4 104. Rc6 Kd5 105. Rxa6 Kc4 106. Rh6 Kb3 107. Ra6 Rd5 108. Kh3 Rd3+ 109. Kh2 Kb2 110. a4 bxa4 111. Rxa4 Rd5 112. Ra5 Rd2+ 113. Kh3 Rd3+ 114. Kh2 g4 115. Rh5 Rd2+ 116. Kh1 h3 117. Rg5 Rd4 118. b5 Rb4 119. b6 Ka3 120. b7 Rxb7 121. Rxg4 Rb3 122. Kh2 Kb2 123. Rg3 1/2-1/2